Map: Impero eterno LE

Players

Weltall

  • Race: Protoss Protoss
  • League: Master
  • Spawn Location: 7:00

I.A. 1 (Molto facile) - Winner!

  • Race: Zerg Zerg
  • Spawn Location: 1:00

VOD

Have the link to the VOD?

Description

Time

  • Played on: April 29, 2020, 8:22 a.m.
  • Length: 7:14
Show
View Real Time Build Order
Export as new Build Order

Weltall Protoss 

Build Orders: 1 Gate Expand, Colossus Rush 

Get SALT Encoding   

  12  0:01  Probe  
  13  0:13  Probe  
  14  0:24  Pylon  
  14  0:25  Probe  
  16  0:42  Probe (Chrono Boost)  
  16  0:45  Gateway  
  16  0:49  Assimilator  
  16  0:54  Probe (Chrono Boost)  
  17  0:58  Probe (Chrono Boost)  
  18  1:09  Probe  
  19  1:28  Nexus  
  19  1:39  Cybernetics Core  
  19  1:41  Probe (Chrono Boost)  
  20  1:47  Assimilator  
  20  1:52  Probe (Chrono Boost)  
  21  1:57  Pylon  
  21  1:59  Probe  
  22  2:11  Probe  
  22  2:13  Stalker (Chrono Boost)  
  23  2:17  Warp Gate  
  25  2:24  Probe  
  26  2:30  Robotics Facility  
  27  2:38  Probe (Chrono Boost)  
  27  2:41  Probe (Chrono Boost)  
  28  2:47  Sentry  
  32  2:51  Probe (Chrono Boost)  
  32  2:52  Probe (Chrono Boost)  
  32  3:00  Probe x2  
  32  3:01  Forge  
  34  3:12  Probe  
  35  3:14  Warp Prism (Chrono Boost)  
  35  3:19  Probe  
  38  3:24  Sentry  
  38  3:25  Probe  
  41  3:31  Probe  
  42  3:34  Pylon  
  42  3:40  Immortal (Chrono Boost)  
  46  3:52  Probe x2  
  46  3:55  Robotics Bay  
  48  4:02  Assimilator  
  48  4:04  Probe x2  
  48  4:05  Assimilator  
  50  4:12  Immortal (Chrono Boost)  
  54  4:17  Pylon  
  54  4:27  Pylon  
  54  4:36  Probe  
  55  4:41  Sentry  
  57  4:45  Colossus (Chrono Boost)  
  57  4:46  Probe  
  57  4:48  Probe, Protoss Ground Weapons Level 1 (Chrono Boost)  
  65  4:53  Pylon  
  65  4:58  Probe  
  66  5:00  Probe, Pylon  
  66  5:05  Extended Thermal Lance  
  67  5:10  Probe  
  68  5:28  Pylon  
  68  5:30  Gateway  
  68  5:31  Colossus (Chrono Boost)  
  68  5:32  Gateway  
  74  5:49  Gateway  
  74  5:51  Gateway  
  74  5:52  Sentry  
  74  5:53  Gateway  
  74  5:55  Gateway  
  76  6:14  Pylon  
  76  6:16  Pylon  
  76  6:18  Pylon  
  76  6:21  Sentry  
  76  6:23  Observer  
  79  6:33  Gateway  
  79  6:34  Pylon  
  79  6:35  Stalker x2  
  83  6:48  Stalker x2  
  83  6:49  Stalker x2  
  83  6:52  Stalker  
  93  7:08  Stalker  
  95  7:09  Stalker  
Show
View Real Time Build Order
Export as new Build Order

I.A. 1 (Molto facile) Zerg - Winner!

Build Orders: Pool Only 

Get SALT Encoding   

  12  0:00  Drone  
  13  0:12  Overlord  
  13  0:16  Drone  
  14  0:38  Spawning Pool  
  14  0:40  Extractor, Drone  
  13  0:47  Drone  
  14  0:52  Overlord  
  14  1:26  Queen, Zergling x2  
  14  1:30  Roach Warren  
  16  1:34  Drone  
  16  1:39  Extractor  
  16  1:43  Drone  
  16  1:44  Zergling x2  
  18  1:58  Drone  
  19  2:02  Zergling x2  
  20  2:08  Drone  
  21  2:19  Drone  
  22  2:30  Drone  
  22  2:33  Overlord  
  23  2:37  Drone  
  24  2:44  Drone  
  25  5:42  Roach, Lair, Overlord, Drone  
  28  5:49  Drone  
  29  5:56  Drone  
  30  6:03  Drone  
  31  6:10  Drone  
  32  6:18  Drone  
  33  6:22  Roach  
  32  6:39  Overseer  
  32  6:40  Overseer  
Tags
 
Add a new tag
Caveats
  • Supply blocks, unpowered buildings, or Contaminate may cause inaccurate times.
  • Supply counts are checked every 10 seconds.